 Dungeon Crawl Stone Soup version 0.23-a0-461-gff60f6859b (webtiles) character file.

107 LLavrengius the Fighter (level 4, 0/63 HPs)
             Began as an Octopode Transmuter on Nov 26, 2018.
             Succumbed to a gnoll's poison
             ... on level 1 of the Dungeon.
             The game lasted 00:04:08 (917 turns).

LLavrengius the Fighter (Octopode Transmuter)        Turns: 917, Time: 00:04:09

Health: 0/63       AC: 22    Str:  9    XL:     4   Next: 86%
Magic:  7/7        EV:  2    Int: 16    God:
Gold:   41         SH:  0    Dex: 12    Spells: 4/7 levels left

rFire    . . .     SeeInvis .     - Unarmed
rCold    . . .     Gourm    .   (no shield)
rNeg     + + +     Faith    .   (helmet currently unavailable)
rPois    +         Spirit   .   (no amulet)
rElec    .         Reflect  .   (no ring)
rCorr    .         Harm     .   (no ring)
MR       .....     NoTele   +   (no ring)
Stlth    +++.......             (no ring)
HPRegen  0.20/turn              (no ring)
MPRegen  0.10/turn              (no ring)
                                (no ring)
                                (no ring)

@: lethally poisoned (0 -> -35), tree-form
A: almost no armour, stealthy swim, (amphibious), 8 rings, (constrict 8)
a: no special abilities


You were on level 1 of the Dungeon.
You were not hungry.
You were a tree.
You visited 1 branch of the dungeon, and saw 1 of its levels.

You collected 41 gold pieces.

Inventory:

Hand Weapons
 f - a +0 spear
Missiles
 a - 12 arrows
 b - 3 stones (quivered)
Scrolls
 h - a scroll of blinking {unknown}
 j - a scroll of enchant armour {unknown}
Comestibles
 c - a ration
 i - a chunk of flesh


   Skills:
 + Level 9.9 Fighting
 + Level 5.0 Dodging
 + Level 6.5 Stealth
 + Level 5.5 Unarmed Combat
 - Level 2.0 Spellcasting
 - Level 2.0 Transmutations


You had 4 spell levels left.
You knew the following spells:

 Your Spells              Type           Power        Failure   Level  Hunger
a - Beastly Appendage     Tmut           #.....       9%          1    #......
b - Sticks to Snakes      Tmut           #.......     14%         2    ###....

Your spell library contained the following spells:

 Spells                   Type           Power        Failure   Level  Hunger
 Spider Form              Tmut/Pois      #.........   38%         3    ###....
 Ice Form                 Ice/Tmut       #.......     80%         4    #####..
 Blade Hands              Tmut           #.........   94%         5    ######.


Dungeon Overview and Level Annotations

Branches:
Dungeon (1/15)

Altars:


Innate Abilities, Weirdness & Mutations

You cannot wear most types of armour.
You are very stealthy in the water. (Stealth+)
((You are amphibious.))
You can wear up to eight rings at the same time.
((You can use your tentacles to constrict eight enemies at once.))
((Your skin changes colour to match your surroundings (Stealth+).))
((Your rubbery body absorbs attacks. (AC +1, EV +1)))


Message History

You feel very buoyant.
You fly up into the air.
You constrict the gnoll.
* * * LOW HITPOINT WARNING * * *
You feel sick. The gnoll hits you but does no damage.
You are more poisoned.
It was a potion of lignification.
You turn into a tree.
Your roots penetrate the ground.
You lose your grip on the gnoll.
* * * LOW HITPOINT WARNING * * *
You feel very sick. The gnoll hits you but does no damage.
You are more poisoned.
You feel more experienced!
Your Fighting skill gained 5 levels and is now at level 9!
You have reached level 4!
* * * LOW HITPOINT WARNING * * *
You feel very sick. The gnoll hits you but does no damage.
You pummel the gnoll!!
You kill the gnoll!
You die...

######.....##
#...##
##.##..#
#..#####
#.###.##
##...... #.#
#..##
####.##. #.#
##..#
#....).. #.#
##.# #.#.####
#.#
#.###...#...
#†#
#..##.#.#...
#♣#
##....#.#...
#)#
##.....##'#
#.#
#..#.......
#.#
#.)....####
#.#
##......#...
#.#
#......)#.<.
#.#
#..#....#...
#.#
#...#....####
##..
#........


There were no monsters in sight!

Vanquished Creatures
  A gnoll (D:1)
  An ooze (D:1)
  A giant cockroach (D:1)
  A goblin (D:1)
  5 hobgoblins (D:1)
  2 bats (D:1)
  4 kobolds (D:1)
15 creatures vanquished.

Notes
Turn   | Place    | Note
-------+----------+-------------------------------------------
     0 | D:1      | LLavrengius the Octopode Transmuter began the quest for the
                  | Orb.
     0 | D:1      | Reached XP level 1. HP: 13/13 MP: 3/3
   268 | D:1      | Reached skill level 1 in Stealth
   268 | D:1      | Reached XP level 2. HP: 10/18 MP: 5/5
   394 | D:1      | Learned a level 2 spell: Sticks to Snakes
   913 | D:1      | Reached skill level 4 in Fighting
   913 | D:1      | Reached skill level 5 in Dodging
   913 | D:1      | Reached skill level 5 in Unarmed Combat
   913 | D:1      | Reached XP level 3. HP: 7/27 MP: 6/6
   916 | D:1      | Reached skill level 9 in Fighting
   916 | D:1      | Reached XP level 4. HP: 5/42 MP: 7/7
   916 | D:1      | HP: 2/63 [poisoned by a gnoll]
   917 | D:1      | Succumbed to a gnoll's poison

Vault maps used:
D:1:      minmay_arrival_four_houses

Skill      XL: |  1  2  3 |
---------------+----------+-----
Stealth        | 1 6 |  6.5
Fighting       | 4 9 |  9.9
Dodging        | 5 |  5.0
Unarmed Combat | 5 |  5.5
Spellcasting   | |  2.0
Transmutations | |  2.0

Action                   |  1- 3 |  4- 6 || total
-------------------------+-------+-------++-------
Melee: Unarmed           |    33 |     1 ||    34
       Constrict         |    11 |       ||    11
       Tentacles         |     5 |       ||     5
       Punch             |     1 |       ||     1
  Use: Potion            |     4 |       ||     4
 Stab: Sleeping          |     2 |       ||     2
Armor: Skin              |     4 |     1 ||     5
Dodge: Dodged            |    15 |       ||    15

Table legend:
 A = Non-vault XP
 B = Vault XP
 C = Vault XP percentage of total XP
 D = Non-vault monster count
 E = Vault monster count
 F = Vault count percentage of total count
                 A         B        C        D         E       F
            +---------+---------+-------+---------+---------+-------
      Total |      41 |       0 |   0.0 |      15 |       0 |   0.0
            +---------+---------+-------+---------+---------+-------
        D:1 |      41 |       0 |   0.0 |      15 |       0 |   0.0
            +---------+---------+-------+---------+---------+-------
